 Dungeon Crawl Stone Soup version 0.27.1-34-g3ba077fa99 (webtiles) character file.

Game seed: 2367938970460531245

368 alasdair19 the Covered (level 6, 0/53 HPs)
             Began as a Minotaur Fighter on Feb 5, 2022.
             Slain by Eustachio (5 damage)
             ... on level 4 of the Dungeon.
             The game lasted 00:06:28 (3259 turns).

alasdair19 the Covered (Minotaur Fighter)           Turns: 3259, Time: 00:06:29

Health: 0/53       AC:  7    Str: 22    XL:     6   Next: 41%
Magic:  5/5        EV:  8    Int:  6    God:
Gold:   155        SH: 10    Dex:  9    Spells: 5/5 levels left

rFire    . . .     SeeInvis .   a - +0 long sword
rCold    . . .     Faith    .   c - +0 kite shield
rNeg     . . .     Spirit   .   b - +0 scale mail
rPois    .         Reflect  .   (helmet restricted)
rElec    .         Harm     .   (no cloak)
rCorr    +         Rampage  .   (no gloves)
Will     .....                  (no boots)
Stlth    ..........             (no amulet)
HPRegen  0.17/turn              o - ring of resist corrosion
MPRegen  0.09/turn              (no ring)

@: flying
A: horns 2, retaliatory headbutt
a: no special abilities


You were on level 4 of the Dungeon.
You visited 2 branches of the dungeon, and saw 5 of its levels.

You collected 155 gold pieces.

Inventory:

Hand Weapons
 a - a +0 long sword (weapon)
Armour
 b - a +0 scale mail (worn)
 c - a +0 kite shield (worn)
Jewellery
 f - an amulet of faith
 o - a ring of resist corrosion (left hand)
Wands
 m - a wand of flame (17)
Scrolls
 e - 4 scrolls of noise {unknown}
 h - 3 scrolls of enchant armour {unknown}
 i - a scroll of teleportation {unknown}
 j - 2 scrolls of fog {unknown}
 k - 3 scrolls of holy word {unknown}
 l - a scroll of enchant weapon {unknown}
 n - a scroll of amnesia {unknown}
 p - a scroll of brand weapon {unknown}
Potions
 d - a potion of might
 g - a potion of lignification


   Skills:
 + Level 4.6 Fighting
 + Level 4.4 Long Blades
 + Level 5.6 Armour
 + Level 1.0 Dodging
 + Level 0.5 Stealth
 + Level 5.5 Shields


You had 5 spell levels left.
You didn't know any spells.
Your spell library contained the following spells:

 Spells                   Type           Power      Damage    Failure   Level
 Petrify                  Tmut/Erth      0%         N/A       100%        4
 Metabolic Englaciation   Hex/Ice        0%         N/A       100%        5
 Statue Form              Tmut/Erth      0%         N/A       100%        6


Dungeon Overview and Level Annotations

Branches:
Dungeon (4/15)             Temple (1/1) D:4

Altars:
Ashenzari
Elyvilon
Fedhas
Gozag
Hepliaklqana
Kikubaaqudgha
Nemelex Xobeh
Ru
Sif Muna
Trog
Yredelemnul
The Shining One

Shops:
D:1 =

Annotations:
D:3 2 transporters, Jazqba's ghost, amateur HOHu
D:4 Eustachio; Ijyb


Innate Abilities, Weirdness & Mutations

You have a pair of horns on your head.
You reflexively headbutt those who attack you in melee.


Message History

It was a potion of flight.
You feel very buoyant.
You fly up into the air.
The river rat closely misses you. You furiously retaliate!
You headbutt the river rat. Eustachio barely misses you.
You riposte.
You miss Eustachio.
Eustachio is severely wounded.
You block the river rat's attack. The rat closely misses you.
You closely miss Eustachio. Your headbutt misses Eustachio.
Eustachio is severely wounded.
You block the river rat's attack. Eustachio hits you with a +0 rapier.
* * * LOW HITPOINT WARNING * * *
You block the ufetubus's attack.
The ufetubus hits you but does no damage.
You block the river rat's attack. The rat bites you but does no damage.
The river rat bites you but does no damage.
Eustachio mumbles some strange words.
Eustachio blinks!
The ufetubus barely misses you.
You riposte.
You miss the ufetubus. Your headbutt misses the ufetubus.
The ufetubus barely misses you. The rat bites you but does no damage.
Eustachio gestures wildly while chanting.
The rat barely misses you. You furiously retaliate!
You headbutt the rat!
You kill the rat!
The rat's corpse disappears in a puff of smoke!
You block the ufetubus's attack. x2
Found a scroll of identify.
The bat barely misses you. The bat hits you but does no damage.
The bat closely misses you. You furiously retaliate!
You headbutt the bat, but do no damage. You block the bat's attack.
You block Eustachio's attack.
The ufetubus disappears in a puff of smoke!
You block the bat's attack. You block the bat's attack.
You hit the bat.
You kill the bat!
The bat's corpse disappears in a puff of smoke!
Eustachio hits you with a +0 rapier.
* * * LOW HITPOINT WARNING * * *
Eustachio hits you with a +0 rapier.
You die...

### #.. #.# ###.#
...# #.?# .# .
..#.#.§####.# #
..#.#.#.@.....#
#.#.#.#.#r@#....## #
#.#.#.#.#.r......#
#.#...#.#.#........#
#.......#.#§.......#
..........#....>....
#...§..........
#...........##.
.#.###.###...#


You could see Eustachio and 2 river rats.

Vanquished Creatures
  A phantom (D:4)
  A scorpion (D:3)
  A gnoll shaman (D:4)
  A jelly (D:4)
  Terence (D:2)
  An iguana (D:4)
  4 gnolls (D:4)
  3 adders
  An ufetubus (D:4)
  2 worms
  A dart slug (D:3)
  3 orcs (D:3)
  6 bats
  5 endoplasms
  3 giant cockroaches (D:1)
  5 goblins
  2 hobgoblins
  3 ball pythons
  A frilled lizard (D:2)
  5 kobolds
  2 rats
52 creatures vanquished.

Notes
Turn   | Place    | Note
-------+----------+-------------------------------------------
     0 | D:1      | alasdair19 the Minotaur Fighter began the quest for the
                  | Orb.
     0 | D:1      | Reached XP level 1. HP: 19/19 MP: 0/0
    17 | D:1      | Found Xucu's Jewellery Shoppe.
   330 | D:1      | Reached XP level 2. HP: 27/27 MP: 1/1
  1125 | D:2      | Noticed Terence
  1132 | D:2      | Killed Terence
  1133 | D:2      | Reached XP level 3. HP: 24/33 MP: 2/2
  1573 | D:3      | Noticed a scorpion
  1587 | D:3      | Killed a scorpion
  1588 | D:3      | Reached XP level 4. HP: 4/41 MP: 3/3
  1955 | D:3      | Noticed an ogre
  1969 | D:3      | Noticed Jazqba's ghost (amateur HOHu)
  1985 | D:3      | Found a transporter.
  1989 | D:3      | Found a transporter.
  2171 | D:3      | Found a faded altar of an unknown god.
  2202 | D:3      | Reached XP level 5. HP: 43/47 MP: 4/4
  2464 | D:3      | Reached skill level 5 in Armour
  2621 | D:4      | Reached skill level 5 in Shields
  2811 | D:4      | Found a staircase to the Ecumenical Temple.
  2820 | Temple   | Entered the Ecumenical Temple
  2957 | D:4      | Noticed Ijyb
  2958 | D:4      | Reached XP level 6. HP: 23/53 MP: 5/5
  3191 | D:4      | Noticed Eustachio
  3241 | D:4      | Reached skill level 1 in Dodging
  3259 | D:4      | Slain by Eustachio

Illustrated notes

Levels and vault maps discovered:
D:1:      scummos_arrival_simple_fountains, layout_basic, serial_shops, shop,
          grunt_decor_cap, minmay_stone_trees_medium, serial_bayou_ford_a,
          st_stairs_1
D:2:      layout_rooms, uniq_terence
D:3:      layout_loops_ring, basic_ecumenical_altar, gammafunk_ghost_arena
D:4:      layout_loops_ring, temple_fountains, minmay_misc_feat_more_columns,
          minmay_misc_feat_doors, minmay_misc_feat_secret_circle, uniq_ijyb,
          uniq_eustachio
Temple:   nicolae_temple_hex_pool

Skill      XL: |  1  2  3  4  5  6 |
---------------+-------------------+-----
Shields        | 4 5 |  5.5
Fighting       | 4 |  4.6
Armour         | 4 5 |  5.6
Long Blades    | 3 4 |  4.4
Dodging        | 1 |  1.0
Stealth        | |  0.5

Action                   |  1- 3 |  4- 6 || total
-------------------------+-------+-------++-------
Melee: Long sword        |    79 |    80 ||   159
       Headbutt          |     7 |     8 ||    15
  Use: Potion            |     1 |     2 ||     3
       Scroll            |       |     3 ||     3
Armor: Scale mail        |    43 |    34 ||    77
Dodge: Dodged            |    21 |    36 ||    57
Block: Kite shield       |    49 |    69 ||   118
       Rpst.: Long sword |    10 |     8 ||    18
